 Dungeon Crawl Stone Soup version 0.27-a0-1196-g3e9cee4cb2 (webtiles) character file.

Game seed: 13997584794772970244

807 rjrrt the Chopper (level 7, -2/68 HPs)
             Began as a Troll Berserker on May 27, 2021.
             Was a Priest of Trog.
             Slain by a gnoll
             ... wielding a +0 club
              (5 damage)
             ... while paralysed
             ... on level 5 of the Dungeon.
             The game lasted 00:06:10 (3167 turns).

rjrrt the Chopper (Troll Berserker)                 Turns: 3167, Time: 00:06:11

Health: -2/68      AC:  4    Str: 28    XL:     7   Next: 60%
Magic:  6/6        EV:  1    Int:  3    God:    Trog [***...]
Gold:   154        SH:  0    Dex:  9    Spells: 6/6 levels left

rFire    + . .     SeeInvis +   a - +0 hand axe
rCold    . . .     Faith    .   (no shield)
rNeg     . . .     Spirit   .   t - +0 animal skin
rPois    .         Reflect  .   (helmet restricted)
rElec    .         Harm     .   (no cloak)
rCorr    .         Rampage  .   (gloves unavailable)
Will     .....                  (boots unavailable)
Stlth    +.........             (no amulet)
HPRegen  1.21/turn              e - ring of protection from fire
MPRegen  0.10/turn              i - ring of see invisible

@: paralysed, on berserk cooldown, slowed
A: large, unfitting armour, claws 3, regeneration 1, shaggy fur 1, tough skin 1
a: Renounce Religion, Berserk, Trog's Hand


You were on level 5 of the Dungeon.
You worshipped Trog.
Trog was most pleased with you.
You visited 1 branch of the dungeon, and saw 5 of its levels.

You collected 154 gold pieces.

Inventory:

Hand Weapons
 a - a +0 hand axe (weapon)
 b - a +2 dire flail of protection
 f - a +0 spear
Missiles
 o - 22 poisoned darts (quivered)
Armour
 k - a +0 tower shield
 t - a +0 animal skin (worn)
Jewellery
 e - a ring of protection from fire (left claw)
 h - a ring of flight
 i - a ring of see invisible (right claw)
Wands
 m - a wand of polymorph (4)
 r - a wand of acid (6)
Scrolls
 c - 2 scrolls of silence {unknown}
 d - a scroll of teleportation {unknown}
 j - 3 scrolls of identify {unknown}
 q - 2 scrolls of immolation {unknown}
 s - a scroll of amnesia {unknown}
 u - a scroll of fog {unknown}
Potions
 g - 2 potions of curing {unknown}
 l - a potion of might {unknown}
 n - a potion of degeneration {unknown}
 p - 2 potions of mutation {unknown}


   Skills:
 + Level 3.7 Fighting
 * Level 6.3 Axes
 + Level 2.9 Throwing
 - Level 2.4 Dodging


You had 6 spell levels left.
You didn't know any spells.
Your spell library was empty.

Dungeon Overview and Level Annotations

Branches:
Dungeon (5/15)             Temple (0/1) D:5

Altars:

Shops:
D:3 (


Innate Abilities, Weirdness & Mutations

You are too large for most types of armour.
You have claws for hands.
Your natural rate of healing is unusually fast.
You are covered in fur. (AC +1)
You have tough skin. (AC +1)


Message History

* * * LOW HITPOINT WARNING * * *
You see here a +0 halberd.
Unknown command.
You are too injured to fight recklessly!
You slash the gnoll shaman!
The gnoll shaman is almost dead.
You feel sick.
You are no longer poisoned.
The gnoll hits you from afar with a +0 spear.
* * * LOW HITPOINT WARNING * * *
The gnoll shaman mumbles some strange prayers to its god.
The gnoll shaman is healed somewhat.
You closely miss the gnoll shaman.
The gnoll shaman is heavily wounded.
The gnoll hits you from afar with a +0 spear.
* * * LOW HITPOINT WARNING * * *
You are too injured to fight recklessly!
You closely miss the gnoll shaman.
The gnoll shaman is heavily wounded.
The gnoll shaman barely misses you.
You are too injured to fight recklessly!
Unknown command.
You slice the gnoll shaman!!
You kill the gnoll shaman!
Trog accepts your kill. The gnoll barely misses you.
You are too injured to fight recklessly!
Unknown command.
You closely miss the gnoll. The gnoll barely misses you.
The gnoll hits you from afar with a +0 spear!
* * * LOW HITPOINT WARNING * * *
You are too injured to fight recklessly!
Unknown command.
You slash the gnoll!
The gnoll is heavily wounded.
You are no longer berserk.
You pass out from exhaustion.
You feel yourself slow down. The gnoll completely misses you.
The gnoll hits you with a +0 club.
You die...

#...g...........
#.......#..#..#####
#.>.....#..#..#...#
#..##..##.[...†...#
#..##.†###.#..#...#
#.....g###.#..##.##
#.####......gg##[#
.. #####.##g##.# .#
#.##@##.# #.##)##.#
..##.##.#
####.##.######
#.............#
#.###.....###.#
#≈≈≈≈≈≈≈≈≈#.##
#≈#.....#≈#..##
..≈.......≈....##


You could see 3 gnolls.

Vanquished Creatures
  Grinder (D:3)
  Edmund (D:5)
  A water moccasin (D:4)
  2 scorpions (D:5)
  An iguana (D:4)
  A gnoll shaman (D:5)
  Ijyb (D:3)
  A scorpion zombie (D:5)
  2 gnolls (D:5)
  5 adders
  An adder skeleton (D:4)
  An adder zombie (D:3)
  2 worms (D:3)
  2 dart slugs
  2 orcs (D:4)
  9 endoplasms
  3 giant cockroaches
  9 goblins
  7 hobgoblins
  11 jackals
  5 quokkas
  7 ball pythons
  7 bats
  2 frilled lizards
  5 kobolds
  5 rats
94 creatures vanquished.

Notes
Turn   | Place    | Note
-------+----------+-------------------------------------------
     0 | D:1      | rjrrt the Troll Berserker began the quest for the Orb.
     0 | D:1      | Reached XP level 1. HP: 22/22 MP: 0/0
   309 | D:1      | Reached XP level 2. HP: 29/29 MP: 1/1
   387 | D:1      | Reached skill level 3 in Axes
   703 | D:2      | Reached XP level 3. HP: 32/36 MP: 2/2
   902 | D:2      | Reached ** piety under Trog
   974 | D:2      | Reached skill level 4 in Axes
   994 | D:2      | Found a faded altar of an unknown god.
  1036 | D:2      | Reached XP level 4. HP: 41/44 MP: 3/3
  1541 | D:3      | Noticed Ijyb
  1548 | D:3      | Killed Ijyb
  1712 | D:3      | Noticed Grinder
  1725 | D:3      | Killed Grinder
  1726 | D:3      | Reached skill level 5 in Axes
  1726 | D:3      | Reached skill level 1 in Throwing
  1726 | D:3      | Reached XP level 5. HP: 52/52 MP: 4/4
  1726 | D:3      | Reached XP level 6. HP: 59/59 MP: 5/5
  1803 | D:3      | Found Wamuebb's Weapon Emporium.
  1929 | D:4      | Reached *** piety under Trog
  1988 | D:4      | Identified the +5 flail of Mourning {freeze, Will+ Int-3
                  | SInv}
  2453 | D:4      | Noticed a water moccasin
  2465 | D:4      | Killed a water moccasin
  2965 | D:5      | Entered Level 5 of the Dungeon
  2966 | D:5      | Found a staircase to the Ecumenical Temple.
  2983 | D:5      | Reached XP level 7. HP: 67/67 MP: 6/6
  2994 | D:5      | Noticed Edmund
  3013 | D:5      | Killed Edmund
  3014 | D:5      | Reached skill level 6 in Axes
  3165 | D:5      | HP: 1/102 [gnoll/+0 spear (7)]
  3167 | D:5      | Slain by a gnoll

Illustrated notes

Levels and vault maps discovered:
D:1:      ebering_trefoil_3fold, layout_basic
D:2:      layout_basic, shapermc_ecumenical_altar_mp_urbaneastern
D:3:      layout_rooms, serial_shops, shop_statue, kennysheep_generic_room_4,
          uniq_ijyb, uniq_grinder
D:4:      layout_basic, minivault_5
D:5:      layout_loops_ring, minmay_temple_entry_water_ring, serial_shops, shop,
          kennysheep_generic_room_10, uniq_blork_the_orc, uniq_edmund

Skill      XL: |  1  2  3  4  5  6  7 |
---------------+----------------------+-----
Axes           | 3 4 5 6 |  6.3
Throwing       | 1 2 |  2.9
Fighting       | 3 |  3.7
Dodging        | |  2.4

Action                   |  1- 3 |  4- 6 |  7- 9 || total
-------------------------+-------+-------+-------++-------
Melee: Hand axe          |   125 |   161 |    52 ||   338
       Unarmed           |       |     4 |       ||     4
Invok: Berserk           |       |     4 |     2 ||     6
 Stab: Distracted        |     1 |       |       ||     1
       Sleeping          |       |     1 |       ||     1
Armor: Animal skin       |    57 |    46 |     8 ||   111
Dodge: Dodged            |    86 |    77 |    24 ||   187

Table legend: (Time is in decaauts)
 A = Elapsed time spent in this place.
 B = Non-inter-level travel time spent in this place.
 C = Inter-level travel time spent in this place.
 D = Time resting spent in this place.
 E = Time spent auto-exploring this place.
 F = Levels seen in this place.
 G = Mean time per level.
                   A        B        C        D        E       F      G
               +--------+--------+--------+--------+--------+-----+--------+
         Total |   3225 |   3123 |    102 |     60 |   2356 |   5 |  645.0 |
       Dungeon |   3225 |   3123 |    102 |     60 |   2356 |   5 |  645.0 |
               +--------+--------+--------+--------+--------+-----+--------+

Top non-repeatable levels by time:
     D:4: 1071 daAuts
     D:2: 785 daAuts
     D:1: 631 daAuts
     D:3: 536 daAuts
     D:5: 201 daAuts
